 Dungeon Crawl Stone Soup version 0.30.0 (webtiles) character file.

Game seed: 7787533686022748523

44566 greenriversoda the Stickfighter (level 13, -6/116 HPs)
             Began as a Minotaur Gladiator on July 22, 2023.
             Mangled by a two-headed ogre
             ... wielding a +0 giant spiked club
              (7 damage)
             ... on level 15 of the Dungeon.
             The game lasted 00:31:59 (13652 turns).

greenriversoda the Stickfighter (MiGl)             Turns: 13652, Time: 00:31:59

Health: -6/116     AC: 49    Str: 30    XL:     13   Next: 96%
Magic:  12/12      EV:  9    Int:  5    God:
Gold:   1356       SH:  0    Dex:  8    Spells: 12/12 levels left

rFire   . . .        a - +2 quarterstaff (spect)
rCold   . . .        (shield currently unavailable)
rNeg    . . .        E - +14 crystal plate armour of the Orange {Rampage rPois Str+5 Dex-3}
rPois   +            D - +2 hat
rElec   .            o - +1 cloak
rCorr   .            (no gloves)
SInv    .            G - +2 pair of boots
Will    .....        l - amulet of Mistrust {+Blink Regen+} Stlth
                     m - +4 ring of protection
HPRegen 1.19/turn    (no ring)
MPRegen 0.13/turn

%: rampage
@: marked
A: horns 2, retaliatory headbutt
a: Evoke Blink


You were on level 15 of the Dungeon.
You visited 1 branch of the dungeon, and saw 15 of its levels.

You collected 1356 gold pieces.

Inventory:

Hand Weapons
 a - a +2 spectral quarterstaff (weapon)
 f - the +6 whip of Harmony {antimagic, Will+ Str+2 SInv}
   (You found it on level 4 of the Dungeon)

   Str:       It affects your strength (+2).
   SInv:      It lets you see invisible.
   Will:      It increases your willpower.
 x - a +0 lajatang of flaming
Missiles
 d - 6 throwing nets (quivered)
 e - a javelin
Armour
 b - a +0 leather armour
 c - a +0 hat
 h - a +0 scale mail
 o - a +1 cloak (worn)
 y - a +5 ring mail
 D - a +2 hat (worn)
 E - the +14 crystal plate armour of the Orange (worn) {Rampage rPois Str+5 Dex-3}
   (You acquired it on level 12 of the Dungeon)

   Str:       It affects your strength (+5).
   Dex:       It affects your dexterity (-3).
   rPois:     It protects you from poison.
   Rampage:   It bestows one free step when moving towards enemies.
 G - a +2 pair of boots (worn)
Jewellery
 l - the amulet of Mistrust (around neck) {+Blink Regen+}
   (You found it on level 2 of the Dungeon)

   [amulet of regeneration]

   +Blink:    It lets you blink.
   Regen:     It increases your rate of health regeneration.
 m - a +4 ring of protection (left hand)
 H - a ring of magical power
 O - an amulet of reflection
 R - a ring of positive energy
Wands
 k - a wand of flame (6)
 A - a wand of polymorph (7)
 C - a wand of digging (16)
 K - a wand of charming (4)
Scrolls
 j - 2 scrolls of immolation
 t - 2 scrolls of blinking
 w - 3 scrolls of amnesia
 J - 2 scrolls of teleportation
 L - a scroll of fear
 N - 2 scrolls of fog
 P - a scroll of magic mapping {unknown}
 S - 2 scrolls of summoning
Potions
 g - 2 potions of lignification
 i - 3 potions of mutation
 n - 3 potions of resistance
 p - a potion of magic {unknown}
 q - 2 potions of ambrosia
 r - 2 potions of flight
 s - 10 potions of curing
 u - 3 potions of attraction
 v - 2 potions of brilliance {unknown}
 z - 2 potions of might
 B - 4 potions of degeneration
 F - a potion of haste {unknown}
 I - a potion of cancellation {unknown}
Miscellaneous
 M - a piece from Xom's chessboard (15/15)


   Skills:
 + Level 11.2 Fighting
 * Level 18.0 Staves
 - Level 2.0 Throwing
 * Level 14.6 Armour
 * Level 11.8 Dodging
 + Level 5.4 Stealth


You had 12 spell levels left.
You didn't know any spells.
Your spell library contained the following spells:

 Spells                   Type           Power      Damage    Failure   Level
 Apportation              Tloc           0%         N/A       100%        1
 Kiss of Death            Conj/Necr      0%         2d5       100%        1
 Magic Dart               Conj           0%         1d3       100%        1
 Blink                    Tloc           0%         N/A       100%        2
 Call Imp                 Summ           0%         N/A       100%        2
 Cigotuvi's Dreadful Rot  Necr/Pois/Air  0%         N/A       100%        2
 Ensorcelled Hibernation  Hex/Ice        0%         N/A       100%        2
 Lesser Beckoning         Tloc           0%         N/A       100%        2
 Momentum Strike          Conj/Tloc      0%         3d8       100%        2
 Static Discharge         Conj/Air       0%         2-2/arc   100%        2
 Wereblood                Tmut           0%         N/A       100%        2
 Confusing Touch          Hex            0%         N/A       100%        3
 Dazzling Flash           Conj/Hex       0%         N/A       100%        3
 Frozen Ramparts          Ice            0%         1d1       100%        3
 Gell's Gravitas          Tloc           0%         N/A       100%        3
 Ignite Poison            Fire/Tmut/Pois 0%         N/A       100%        3
 Mephitic Cloud           Conj/Pois/Air  0%         N/A       100%        3
 Teleport Other           Tloc           0%         N/A       100%        3
 Vhi's Electric Charge    Tloc/Air       0%         N/A       100%        3
 Airstrike                Air            0%         2d(0-16)  100%        4
 Dispel Undead            Necr           0%         3d6       100%        4
 Manifold Assault         Tloc           0%         N/A       100%        4
 Summon Lightning Spire   Summ/Air       0%         N/A       100%        4
 Agony                    Necr           0%         N/A       100%        5
 Alistair's Intoxication  Tmut/Pois      0%         N/A       100%        5
 Arcjolt                  Conj/Air       0%         1d10      100%        5
 Freezing Cloud           Conj/Ice/Air   0%         6-21      100%        5
 Irradiate                Conj/Tmut      0%         3d11      100%        5
 Silence                  Hex/Air        0%         N/A       100%        5
 Dispersal                Tloc           0%         N/A       100%        6
 Eringya's Noxious Bog    Tmut/Pois      0%         N/A       100%        6
 Storm Form               Tmut/Air       0%         N/A       100%        7
 Maxwell's Capacitive Co  Air            0%         ∞         100%        8


Dungeon Overview and Level Annotations

Branches:
Dungeon (15/15) Temple (0/1) D:4 Lair (0/5) D:9 Orc (0/2) D:10 Vaults (0/5) D:13 D:14 Depths: D:15

Altars:
Ashenzari
Makhleb
Okawaru
Qazlal
Trog
Vehumet
Xom

Annotations:
D:9 exclusion: statue


Innate Abilities, Weirdness & Mutations

You have a pair of horns on your head.
You reflexively headbutt those who attack you in melee.


Message History

The fire elemental hits you. The fire elemental burns you!
The white ugly thing is engulfed in blazing flames.
The two-headed ogre completely misses you.
You furiously retaliate!
You headbutt the two-headed ogre!!
You kill the two-headed ogre!
The deep elf pyromancer casts a spell.
Your Staves skill increases to level 18!
You rampage towards the two-headed ogre!
A purple ugly thing comes into view.
You sock the two-headed ogre!
The two-headed ogre is lightly wounded.
The fire elemental disappears in a puff of smoke!
The fire elemental hits you. The fire elemental burns you!
The purple ugly thing basks in the mutagenic energy from its kin and changes!
The two-headed ogre is engulfed in blazing flames.
You miss the deep elf pyromancer.
A skeletal warrior comes into view. It is wielding a +0 glaive.
The deep elf pyromancer hits you but does no damage.
The two-headed ogre closely misses you. You furiously retaliate!
You headbutt the two-headed ogre!
The two-headed ogre hits you but does no damage.
You sock the deep elf pyromancer! You headbutt the deep elf pyromancer!
The deep elf pyromancer is heavily wounded.
The two-headed ogre hits you with a +0 giant spiked club!
The two-headed ogre barely misses you.
The white ugly thing is engulfed in blazing flames.
You bludgeon the deep elf pyromancer!!
The deep elf pyromancer is almost dead.
The deep elf pyromancer misses you.
You sock the deep elf pyromancer!
You kill the deep elf pyromancer!
The fire elemental disappears in a puff of smoke! x3
A purple ugly thing comes into view.
The white ugly thing tentacle-slaps you!
* * * LOW HITPOINT WARNING * * *
The white ugly thing freezes you!!
* * * LOW HITPOINT WARNING * * *
The two-headed ogre hits you but does no damage. x2
The two-headed ogre hits you with a +0 giant spiked club!
You die...

#.....# #####
.###.....#####...#####
.....................#
.....................##
......................#
............####......#
......uu..u.☼###.###..#
........z§u§u##...##..#
......#####uO@.._.##..#
O.... #.○)O#.......#
.... #..○§###.....#
.... #....##...####
#......######.....#...#
#..........##.........#
............##.###....#
.~~~~~.~~~≈...........#
.~≈≈~~.~≈≈≈...........#


You could see 6 ugly things, a skeletal warrior and 2 two-headed ogres.

Vanquished Creatures
  Jorgrun (D:12)
  Gastronok (D:12)
  Snorg (D:12)
  Josephine (D:12)
  An ogre mage (D:15)
  2 boulder beetles
  2 hydras (D:13)
  A catoblepas (D:13)
  5 centaur warriors
  A death yak (D:9)
  8 two-headed ogres
  8 skeletal warriors
  2 orc knights
  Pikel (D:6)
  5 deep elf pyromancers
  A manticore (D:13)
  3 cyclopes
  10 ugly things (D:14)
  7 slime creatures (D:13)
  3 gargoyles
  2 kobold demonologists (D:10)
  An unseen horror (shapeshifter) (D:14)
  An efreet (D:13)
  3 trolls
  Grinder (D:6)
  Prince Ribbit (D:6)
  3 wyverns
  A water elemental (D:15)
  12 wraiths
  16 humans
  A basilisk (D:14)
  A basilisk (shapeshifter) (D:15)
  10 yaks
  7 vampire mosquitoes
  5 acid dragons
  A water moccasin (D:7)
  An orc warrior (D:11)
  3 sky beasts
  3 black bears
  A swamp drake (D:11)
  2 ogres
  An ice beast (D:8)
  A lemure (D:6)
  3 centaurs
  The ghost of MrDizzy the Ruffian, an amateur GrTm (D:3)
  5 kobold brigands
  5 bullfrogs
  4 scorpions
  3 gnoll sergeants
  5 wights (D:9)
  4 killer bees (D:8)
  An electric eel (D:15)
  4 howler monkeys
  A crimson imp (D:11)
  2 hounds
  An iron imp (D:11)
  3 gnoll boudas
  A jelly (D:4)
  7 orc priests
  3 iguanas
  Natasha (thrice) (D:2)
  A hell rat (D:8)
  3 orc wizards
  25 gnolls
  6 adders
  4 river rats
  A shadow imp (D:11)
  3 white imps
  An ufetubus (D:4)
  A worm (D:2)
  5 dart slugs
  19 orcs
  An endoplasm (D:1)
  4 giant cockroaches
  9 goblins
  6 hobgoblins
  5 jackals
  19 kobolds
  3 quokkas
  10 ball pythons
  5 bats
  4 frilled lizards (D:1)
  14 rats
347 creatures vanquished.

Vanquished Creatures (collateral kills)
  A wraith (D:11)
  An orc (D:11)
2 creatures vanquished.

Vanquished Creatures (others)
  2 orc wizards (D:11)
  A white imp (D:11)
  8 orcs (D:11)
  2 fungi (D:3)
  2 plants (D:3)
  7 spectral weapons
22 creatures vanquished.

Grand Total: 371 creatures vanquished

Notes
Turn   | Place    | Note
-------+----------+-------------------------------------------
     0 | D:1      | greenriversoda the Minotaur Gladiator began the quest for
                  | the Orb.
     0 | D:1      | Reached XP level 1. HP: 18/18 MP: 0/0
   113 | D:1      | Reached XP level 2. HP: 21/25 MP: 1/1
   246 | D:1      | Reached skill level 1 in Armour
   416 | D:1      | Reached skill level 4 in Staves
   422 | D:1      | Reached XP level 3. HP: 20/30 MP: 2/2
  1205 | D:2      | Identified the amulet of Mistrust {+Blink Regen+}
  1401 | D:2      | Noticed Natasha
  1411 | D:2      | Killed Natasha
  1412 | D:2      | Reached XP level 4. HP: 13/37 MP: 3/3
  2160 | D:2      | Noticed Natasha
  2166 | D:2      | Killed Natasha
  2167 | D:2      | Reached skill level 5 in Staves
  2226 | D:2      | Noticed Natasha
  2229 | D:2      | Killed Natasha
  2230 | D:2      | Reached XP level 5. HP: 44/44 MP: 4/4
  2819 | D:3      | Found a broken altar of Ashenzari.
  2858 | D:3      | Found a runed translucent gate.
  2858 | D:3      | Found a runed translucent gate.
  2858 | D:3      | Found a runed translucent gate.
  2861 | D:3      | Noticed MrDizzy's ghost (amateur GrTm)
  3315 | D:4      | Found a staircase to the Ecumenical Temple.
  3335 | D:4      | Reached skill level 6 in Staves
  3335 | D:4      | Reached XP level 6. HP: 48/51 MP: 5/5
  3361 | D:4      | Identified the +6 whip of Harmony {antimagic, Will+ Str+2
                  | SInv}
  3451 | D:4      | Reached skill level 1 in Stealth
  3735 | D:4      | Reached skill level 7 in Staves
  4061 | D:5      | Entered Level 5 of the Dungeon
  4095 | D:5      | Reached XP level 7. HP: 57/57 MP: 6/6
  4138 | D:5      | Reached skill level 5 in Dodging
  4302 | D:5      | Reached skill level 8 in Staves
  4712 | D:6      | Noticed Prince Ribbit
  4712 | D:6      | Noticed Grinder
  4721 | D:6      | Killed Grinder
  4722 | D:6      | Reached XP level 8. HP: 37/66 MP: 7/7
  4729 | D:6      | Killed Prince Ribbit
  4730 | D:6      | Reached skill level 9 in Staves
  5029 | D:6      | Found a burning altar of Makhleb.
  5104 | D:6      | Reached skill level 5 in Armour
  5502 | D:6      | Reached skill level 10 in Staves
  5616 | D:6      | Noticed Pikel
  5627 | D:6      | Killed Pikel
  5628 | D:6      | Reached XP level 9. HP: 59/73 MP: 8/8
  5663 | D:6      | Reached skill level 5 in Fighting
  5663 | D:6      | Reached skill level 11 in Staves
  6133 | D:3      | Killed MrDizzy's ghost
  6868 | D:8      | Reached skill level 12 in Staves
  7081 | D:8      | Reached XP level 10. HP: 82/82 MP: 9/9
  7808 | D:9      | Noticed a death yak
  7818 | D:9      | Noticed a death yak
  7818 | D:9      | Noticed a death yak
  7825 | D:9      | Noticed a two-headed ogre
  7917 | D:9      | Reached skill level 13 in Staves
  8045 | D:9      | Found a stormy altar of Qazlal.
  8244 | D:9      | Killed a two-headed ogre
  8248 | D:9      | Noticed a cyclops
  8258 | D:9      | Killed a cyclops
  8283 | D:9      | Found a radiant altar of Vehumet.
  8349 | D:9      | Found a staircase to the Lair.
  8556 | D:9      | Killed a death yak
  8557 | D:9      | Reached skill level 14 in Staves
  8905 | D:10     | Entered Level 10 of the Dungeon
  8941 | D:10     | Found an iron altar of Okawaru.
  8947 | D:10     | Reached XP level 11. HP: 91/91 MP: 10/10
  9816 | D:10     | Found a shimmering altar of Xom.
  9817 | D:10     | Found a shimmering altar of Xom.
  9817 | D:10     | Found a shimmering altar of Xom.
  9817 | D:10     | Found a shimmering altar of Xom.
  9817 | D:10     | Found a shimmering altar of Xom.
  9818 | D:10     | Found a shimmering altar of Xom.
  9818 | D:10     | Found a shimmering altar of Xom.
  9833 | D:10     | Found a shimmering altar of Xom.
  9894 | D:10     | Found a staircase to the Orcish Mines.
 10009 | D:11     | Noticed a two-headed ogre
 10019 | D:11     | Killed a two-headed ogre
 10052 | D:11     | Noticed an orc knight
 10065 | D:11     | Reached skill level 15 in Staves
 10099 | D:11     | Killed an orc knight
 10530 | D:11     | Noticed a deep elf pyromancer
 10532 | D:11     | Noticed a deep elf pyromancer
 10541 | D:11     | Killed a deep elf pyromancer
 10574 | D:11     | Killed a deep elf pyromancer
 10953 | D:12     | Noticed Gastronok
 10964 | D:12     | Noticed a boulder beetle
 10978 | D:12     | Reached skill level 10 in Armour
 11030 | D:12     | Killed a boulder beetle
 11041 | D:12     | Got Lufy's Vademecum on Xenomorphic Cold
 11042 | D:12     | Identified a scroll of acquirement
 11042 | D:12     | Acquired the +14 crystal plate armour of the Orange
                  | {Rampage rPois Str+5 Dex-3}
 11077 | D:12     | Noticed Josephine
 11083 | D:12     | Killed Josephine
 11089 | D:12     | Reached XP level 12. HP: 100/103 MP: 11/11
 11092 | D:12     | Reached skill level 10 in Dodging
 11106 | D:12     | Noticed Jorgrun
 11118 | D:12     | Killed Gastronok
 11128 | D:12     | Killed Jorgrun
 11129 | D:12     | Reached skill level 16 in Staves
 11262 | D:12     | Noticed a two-headed ogre
 11269 | D:12     | Killed a two-headed ogre
 11432 | D:12     | Noticed Snorg
 11438 | D:12     | Killed Snorg
 11684 | D:13     | Noticed a six-headed hydra
 11692 | D:13     | Killed a six-headed hydra
 11773 | D:13     | Noticed a boulder beetle
 11784 | D:13     | Killed a boulder beetle
 11828 | D:13     | Found a gate leading to a gauntlet.
 11853 | D:13     | Noticed a centaur warrior
 11862 | D:13     | Killed a centaur warrior
 11987 | D:13     | Reached skill level 5 in Stealth
 12007 | D:13     | Noticed a catoblepas
 12007 | D:13     | Noticed a centaur warrior
 12008 | D:13     | Noticed a centaur warrior
 12023 | D:13     | Killed a catoblepas
 12036 | D:13     | Killed a centaur warrior
 12038 | D:13     | Killed a centaur warrior
 12358 | D:13     | Reached XP level 13. HP: 91/113 MP: 12/12
 12395 | D:14     | Found a gate to the Vaults.
 12463 | D:13     | Acquired 680 gold pieces
 12528 | D:13     | Reached skill level 10 in Fighting
 12581 | D:13     | Reached skill level 17 in Staves
 13437 | D:15     | Entered Level 15 of the Dungeon
 13588 | D:15     | Found a bloodstained altar of Trog.
 13648 | D:15     | Reached skill level 18 in Staves
 13652 | D:15     | HP: 1/116 [white ugly thing (25)]
 13652 | D:15     | Mangled by a two-headed ogre

Illustrated notes

Levels and vault maps discovered:
D:1:      amcnicky_arrival_blooded_trapdoor, layout_basic
D:2:      layout_basic, amethyst_killhole, kennysheep_generic_room_13,
          uniq_natasha
D:3:      layout_basic, lemuel_crystal_altar, gammafunk_ghost_nasty_kobolds,
          nrook_campfire
D:4:      layout_basic, minmay_temple_entry_proselytizer,
          minmay_misc_feat_four_crosses
D:5:      layout_cave_pools
D:6:      layout_loops_ring, mainiacjoe_overflow_paths, uniq_prince_ribbit1,
          uniq_grinder, uniq_pikel
D:7:      layout_loops_ring, minmay_strange_pillars, nicolae_elevator_lobby_plus
D:8:      layout_basic, serial_curves, eino_curves_02, eino_curves_04
D:9:      layout_irregular_city, nicolae_qazlal_general_emergency,
          vehumet_statue, dpeg_lair_monsters, grunt_ministairs_11
D:10:     layout_loops_ring, xom_shifter_show, okawaru_metal_pillars_1_2,
          corner_web_ring
D:11:     layout_long_grid, hangedman_minor_magic
D:12:     layout_rooms, uniq_gastronok, uniq_snorg, uniq_josephine, uniq_jorgrun
D:13:     layout_irregular_city, gauntlet_entry_generic,
          lightli_fourway_metalbox
D:14:     layout_cross, david_vaults_3, nicolae_concentric_dashed_squares_mild
D:15:     grunt_enter_depths_snipers, layout_irregular_city, minivault_14,
          trog_three_pillars_becter

Skill      XL: |  1  2  3  4  5  6  7  8  9 10 11 12 13 |
---------------+----------------------------------------+-----
Armour         | 1 2 3 4 5 6 8 10 12 14 | 14.6
Staves         | 4 5 6 7 8 10 12 14 15 16 18 | 18.0
Dodging        | 4 5 6 7 8 9 11 | 11.8
Fighting       | 3 4 5 6 8 9 11 | 11.2
Stealth        | 1 2 3 4 5 |  5.4
Throwing       | |  2.0

Action                     |  1- 3 |  4- 6 |  7- 9 | 10-12 | 13-15 || total
---------------------------+-------+-------+-------+-------+-------++-------
  Melee: Quarterstaff      |    87 |    96 |   209 |   449 |   224 ||  1065
         Headbutt          |    10 |    15 |    36 |   118 |    48 ||   227
Ability: Evoke Blink       |       |     1 |       |     1 |       ||     2
  Evoke: Wand              |       |       |       |    10 |     2 ||    12
    Use: Scroll            |     3 |     5 |     7 |    15 |     3 ||    33
         Potion            |       |       |     2 |     1 |     4 ||     7
   Stab: Sleeping          |       |     3 |     1 |       |       ||     4
         Distracted        |       |     1 |     1 |     8 |     2 ||    12
 Armour: Leather armour    |    13 |    27 |    31 |       |       ||    71
         Ring mail         |       |       |    24 |   114 |       ||   138
         Crystal plate arm |       |       |       |   124 |   279 ||   403
  Dodge: Dodged            |    52 |    61 |   105 |   175 |   112 ||   505
